 Dungeon Crawl Stone Soup version 0.22.1-1-ga44c0e5 (webtiles) character file.

246 brandon the Cudgeler (level 5, -1/72 HPs)
             Began as a Minotaur Berserker on Oct 1, 2018.
             Was a Believer of Trog.
             Succumbed to an orc's poison
             ... on level 4 of the Dungeon.
             The game lasted 00:04:55 (2883 turns).

brandon the Cudgeler (Minotaur Berserker)           Turns: 2883, Time: 00:04:55

Health: -1/72      AC:  8    Str: 27    XL:     5   Next: 84%
Magic:  4/4        EV:  9    Int:  4    God:    Trog [**....]
Gold:   100        SH:  0    Dex: 10    Spells: 4/4 levels left

rFire    . . .     SeeInvis .   k - +0 mace
rCold    . . .     Gourm    .   (no shield)
rNeg     . . .     Faith    .   e - -2 chain mail (curse)
rPois    .         Spirit   .   (helmet restricted)
rElec    .         Reflect  .   (no cloak)
rCorr    .         Harm     .   i - +0 pair of gloves
MR       .....                  (no boots)
Stlth    ..........             (no amulet)
HPRegen  0.22/turn              (no ring)
MPRegen  0.09/turn              (no ring)

@: berserking, lethally poisoned (-1 -> -41), very quick
A: retaliatory headbutt, horns 2
a: Berserk, Trog's Hand, Renounce Religion


You were on level 4 of the Dungeon.
You worshipped Trog.
Trog was pleased with you.
You were not hungry.

You visited 1 branch of the dungeon, and saw 4 of its levels.

You collected 100 gold pieces.

Inventory:

Hand Weapons
 k - a +0 mace (weapon)
Armour
 e - a cursed -2 chain mail (worn)
 i - a +0 pair of gloves (worn)
Jewellery
 a - an uncursed ring of fire
Scrolls
 d - 5 scrolls of amnesia {unknown}
 f - 2 scrolls of blinking {unknown}
 g - a scroll of random uselessness {unknown}
 h - a scroll of fog {unknown}
 j - 3 scrolls of identify {unknown}
 m - a scroll of fear {unknown}
 q - a scroll of remove curse {unknown}
 r - a scroll of magic mapping {unknown}
 s - a scroll of enchant armour {unknown}
Potions
 b - 2 potions of might {unknown}
 c - a potion of magic {unknown}
 n - a potion of flight {unknown}
 o - a potion of mutation {unknown}
 p - a potion of resistance {unknown}
Comestibles
 l - 3 rations


   Skills:
 * Level 5.1 Fighting
 * Level 6.2 Maces & Flails
 + Level 3.9 Armour
 + Level 2.4 Dodging


You had 4 spell levels left.
You didn't know any spells.
Your spell library was empty.

Dungeon Overview and Level Annotations

Branches:
Dungeon (4/15)
 Temple: D:4-7

Altars:
Cheibriados
Hepliaklqana
Trog
Vehumet
The Shining One


Innate Abilities, Weirdness & Mutations

You reflexively headbutt those who attack you in melee.
You have a pair of horns on your head.


Message History

a dagger; a leather armour You closely miss the orc priest.
The orc priest is almost dead.
* * * LOW HITPOINT WARNING * * *
You feel sick.
You sock the orc priest!
You feel the power of Trog in you as your rage grows.
You kill the orc priest!
Trog accepts your kill.
* * * LOW HITPOINT WARNING * * *
You feel very sick. The orc closely misses you.
You closely miss the orc.
* * * LOW HITPOINT WARNING * * *
You feel sick. The orc hits you but does no damage.
You are more poisoned.
You barely miss the orc. You headbutt the orc!
You kill the orc!
Trog accepts your kill.
You die...

....+...##########
... #.............
#.........(..[
######..##.##
#..##.# #.....#
#.....#
...#####(###+###
.......)@).....#
###.....(......#
#............#
+............#
#.(.....######
#####+###


There were no monsters in sight!

Vanquished Creatures
  An orc priest (D:4)
  A worker ant (D:4)
  A howler monkey skeleton (D:4)
  7 gnolls (D:2)
  3 adders (D:2)
  2 oozes
  2 worms (D:2)
  2 dart slugs (D:1)
  3 leopard geckos
  3 orcs (D:4)
  2 ball pythons
  5 bats
  2 giant cockroaches
  6 goblins
  7 hobgoblins
  6 jackals (D:3)
  A quokka (D:2)
  4 frilled lizards
  6 kobolds
  7 rats
71 creatures vanquished.

Notes
Turn   | Place    | Note
-------+----------+-------------------------------------------
     0 | D:1      | brandon the Minotaur Berserker began the quest for the Orb.
     0 | D:1      | Reached XP level 1. HP: 19/19 MP: 0/0
   134 | D:1      | Reached XP level 2. HP: 23/27 MP: 1/1
   183 | D:1      | Reached skill level 4 in Maces & Flails
   729 | D:2      | Found a faded altar of an unknown god.
   746 | D:2      | Reached XP level 3. HP: 29/33 MP: 2/2
   891 | D:2      | Reached ** piety under Trog
   892 | D:2      | Reached XP level 4. HP: 12/41 MP: 3/3
  1186 | D:2      | Found a glowing golden altar of the Shining One.
  1199 | D:2      | Reached skill level 5 in Maces & Flails
  1438 | D:2      | Reached XP level 5. HP: 34/47 MP: 4/4
  2185 | D:3      | Found a radiant altar of Vehumet.
  2187 | D:3      | Found a hazy altar of Hepliaklqana.
  2187 | D:3      | Found a snail-covered altar of Cheibriados.
  2192 | D:3      | Found a bloodstained altar of Trog.
  2865 | D:4      | Reached skill level 6 in Maces & Flails
  2870 | D:4      | Reached skill level 5 in Fighting
  2881 | D:4      | HP: 3/72 [poisoned by an orc]
  2882 | D:4      | HP: 1/72 [poisoned by an orc]
  2883 | D:4      | Succumbed to an orc's poison

Skill      XL: |  1  2  3  4  5 |
---------------+----------------+-----
Maces & Flails | 4 5 6 |  6.2
Fighting       | 4 5 |  5.1
Armour         | 3 |  3.9
Dodging        | |  2.4

Action                   |  1- 3 |  4- 6 || total
-------------------------+-------+-------++-------
Melee: Mace              |    70 |    90 ||   160
       Headbutt          |     8 |    20 ||    28
Invok: Berserk           |     1 |     1 ||     2
  Eat: Ration            |       |     2 ||     2
       Chunk             |       |     1 ||     1
Armor: Chain mail        |    30 |    66 ||    96
       Animal skin       |     1 |       ||     1
Dodge: Dodged            |    31 |    55 ||    86
